 Dungeon Sprint DCSS version 0.30-a0-168-g0b976cbdc4 (webtiles) character file.

Game seed: 9292401792090099388

332944 rocky1 the Conqueror (level 20, -7/324 HPs)
             Began as a Grey Draconian Monk on Sept 29, 2022.
             Was the Champion of Cheibriados.
             Killed from afar by an orb of fire (15 damage)
             ... with a bolt of fire
             ... in the Dungeon (Sprint VII: "The Pits") on Sept 30, 2022.
             The game lasted 01:38:58 (16670 turns).

rocky1 the Conqueror (Grey Draconian Monk)         Turns: 16670, Time: 01:38:58

Health: -7/324     AC: 25    Str: 38    XL:     20   Next: 52%
Magic:  23/51      EV: 28    Int: 42    God:    Cheibriados [******]
Gold:   220        SH:  0    Dex: 27    Spells: 54/73 levels left

rFire   + + .      SeeInvis +      - Unarmed
rCold   + + .      Faith    +    (shield currently unavailable)
rNeg    + . .      Spirit   .    (body armour unavailable)
rPois   +          Reflect  .    (helmet currently unavailable)
rElec   .          Harm     .    (cloak currently unavailable)
rCorr   .          Rampage  .    (gloves currently unavailable)
Will    ++...      NoTele   +    (boots currently unavailable)
Stlth   +++.......               Y - amulet "Rastete" {Faith *Corrode rF++ Regen+ SInv}
HPRegen 1.44/turn                K - ring of Ivayggiz {rPois rC+ rN+ Will+}
MPRegen 0.32/turn                U - ring of Facuq {Wiz rC+ Str-2 Int+9}

@: confused, dragon-form, flying, studying 3 skills, very slow
A: dragon claw, dragon scales, flying, boosted hp, AC +15, amphibious, giant,
unfitting armour, (cold-blooded), clumsy 1
}: 3/3 runes: silver, golden, iron
a: End Transformation, Renounce Religion, Bend Time, Temporal Distortion,
Slouch, Step From Time


You were in the Dungeon.
You worshipped Cheibriados.
Cheibriados was exalted by your worship.
You were a fearsome iron dragon!
You visited 1 branch You collected 220 gold pieces.

Inventory:

Hand Weapons
 m - a +7 bardiche of flaming
 u - the +8 whip "Snakebite" {venom, curare, rPois}
   (You found it in the Dungeon)

   It poisons the flesh of those it strikes.
   It occasionally inflicts asphyxiating poison on those it strikes, dealing
   poison damage and causing slowness.
   rPois:     It protects you from poison.
 E - the +8 Vampire's Tooth {vamp}
   (You found it in the Dungeon)

   It occasionally heals its wielder for the full amount of damage dealt when it
   wounds a living foe.
 H - the +2 Maxwell's thermic engine {flame, freeze}
   (You found it in the Dungeon)

   It burns those it strikes, dealing additional fire damage.
   Big, fiery blades are also staple armaments of hydra-hunters.
   It freezes those it strikes, dealing additional cold damage.
   It can also slow down cold-blooded creatures.
   It becomes more effective when it hits something.
   This effect fades over time.
 I - the +6 Majin-Bo {vamp, MP+6 Int+6}
   (You found it in the Dungeon)

   It heals its wielder for a portion of the damage dealt when they wound a
   living foe with it or with a spell.
   Its wielder's spells cost health as well as magical power.
   Int:       It affects your intelligence (+6).
   MP:        It affects your magic capacity (+6).
 J - the +9 demon blade of Day {vamp, rN+ Str+5 Dex+3}
   (You found it in the Dungeon)

   It occasionally heals its wielder for a portion of the damage dealt when it
   wounds a living foe.
   Str:       It affects your strength (+5).
   Dex:       It affects your dexterity (+3).
   rN:        It protects you from negative energy.
 Q - the +7 Singing Sword {vorpal, sonic wave}
   (You found it in the Dungeon)

   It inflicts extra damage upon your enemies.
   It radiates damaging sonic waves as it strikes, especially in combat
   involving dangerous or numerous foes.
 R - a +9 great sword of holy wrath
 T - a +3 sacred scourge of holy wrath
 Z - the +5 bardiche of Wounding (melded) {vorpal, rElec rF+++ rCorr Dex-3}
   (You found it in the Dungeon)

   It inflicts extra damage upon your enemies.
   Dex:       It affects your dexterity (-3).
   rF:        It renders you almost immune to fire.
   rElec:     It insulates you from electricity.
   rCorr:     It protects you from acid and corrosion.
Missiles
 D - 8 javelins (quivered)
Armour
 h - the +1 Delatra's gloves {ID++}
   (You found it in the Dungeon)

   It heals its wearer when they drink unknown potions.
   It restores its wearer's MP when they read unknown scrolls.
 L - the +1 pair of boots of Jew Norghe (melded) {Regen+ Int+3 Dex+2 Slay+3}
   (You found it in the Dungeon)

   Int:       It affects your intelligence (+3).
   Dex:       It affects your dexterity (+2).
   Slay:      It affects your accuracy & damage with ranged weapons and melee
   (+3).
   Regen:     It increases your rate of health regeneration.
 M - a +2 hat of willpower (melded)
 O - a +2 cloak of willpower (melded)
 P - a +2 pair of gloves of stealth (melded)
Magical Staves
 w - a staff of fire
Jewellery
 l - the ring of Miytzone {rC+ Str+4 Dex+4 SInv}
   (You found it in the Dungeon)

   [ring of see invisible]

   Str:       It affects your strength (+4).
   Dex:       It affects your dexterity (+4).
   rC:        It protects you from cold.
   SInv:      It lets you see invisible.
 p - the amulet of Joxuzem {Faith Harm rElec}
   (You found it in the Dungeon)

   [amulet of faith]

   It allows you to gain divine favour quickly.
   rElec:     It insulates you from electricity.
   Harm:      It increases damage dealt and taken.
 s - the ring "Uderr" {Fire rCorr Int-2 Dex-5 SInv}
   (You found it in the Dungeon)

   [ring of fire]

   It enhances your fire magic.
   Int:       It affects your intelligence (-2).
   Dex:       It affects your dexterity (-5).
   rF:        It protects you from fire.
   rC:        It makes you vulnerable to cold.
   SInv:      It lets you see invisible.
   rCorr:     It protects you from acid and corrosion.
 t - the ring of Meinkud {rPois rF+ rC- Will++}
   (You found it in the Dungeon)

   [ring of protection from fire]

   rF:        It protects you from fire.
   rC:        It makes you vulnerable to cold.
   rPois:     It protects you from poison.
   Will:      It greatly increases your willpower.
 v - the ring "Pumal" {rN+ Str+2 Stlth+}
   (You found it in the Dungeon)

   [ring of positive energy]

   Str:       It affects your strength (+2).
   rN:        It protects you from negative energy.
   Stlth:     It makes you more stealthy.
 x - the ring "Fevuen" {Wiz Int+4 Dex+6}
   (You found it in the Dungeon)

   [ring of wizardry]

   It improves your spell success rate.
   Int:       It affects your intelligence (+4).
   Dex:       It affects your dexterity (+6).
 y - the ring "Jystub" {Ice Will+ rCorr Str+3}
   (You found it in the Dungeon)

   [ring of ice]

   It enhances your ice magic.
   Str:       It affects your strength (+3).
   rF:        It makes you vulnerable to fire.
   rC:        It protects you from cold.
   rCorr:     It protects you from acid and corrosion.
   Will:      It increases your willpower.
 B - the ring of Cupsa {Fire Drain rPois Dex+3}
   (You found it in the Dungeon)

   [ring of fire]

   It enhances your fire magic.
   Dex:       It affects your dexterity (+3).
   rF:        It protects you from fire.
   rC:        It makes you vulnerable to cold.
   rPois:     It protects you from poison.
   Drain:     It drains your maximum health when unequipped.
 C - the ring "Uduemn" {Fire rN++}
   (You found it in the Dungeon)

   [ring of fire]

   It enhances your fire magic.
   rF:        It protects you from fire.
   rC:        It makes you vulnerable to cold.
   rN:        It greatly protects you from negative energy.
 K - the ring of Ivayggiz (left foreclaw) {rPois rC+ rN+ Will+}
   (You found it in the Dungeon)

   [ring of willpower]

   rC:        It protects you from cold.
   rPois:     It protects you from poison.
   rN:        It protects you from negative energy.
   Will:      It increases your willpower.
 S - the amulet "Raotumec" {RegenMP Contam rF+ rN+ Stlth+}
   (You found it in the Dungeon)

   [amulet of magic regeneration]

   It increases your rate of magic regeneration.
   rF:        It protects you from fire.
   rN:        It protects you from negative energy.
   Contam:    It causes magical contamination when unequipped.
   Stlth:     It makes you more stealthy.
 U - the ring of Facuq (right foreclaw) {Wiz rC+ Str-2 Int+9}
   (You found it in the Dungeon)

   [ring of wizardry]

   It improves your spell success rate.
   Str:       It affects your strength (-2).
   Int:       It affects your intelligence (+9).
   rC:        It protects you from cold.
 Y - the amulet "Rastete" (around neck) {Faith *Corrode rF++ Regen+ SInv}
   (You found it in the Dungeon)

   [amulet of faith]

   It allows you to gain divine favour quickly.
   rF:        It greatly protects you from fire.
   SInv:      It lets you see invisible.
   Regen:     It increases your rate of health regeneration.
   *Corrode:  It may corrode you when you take damage.
Wands
 d - a wand of digging (5)
 G - a wand of iceblast (20)
 W - a wand of flame (3)
Scrolls
 e - a scroll of immolation
 k - 9 scrolls of amnesia
 A - 5 scrolls of fear
 N - a scroll of enchant armour
Potions
 a - a potion of resistance
 b - 3 potions of ambrosia
 c - 12 potions of curing
 f - 5 potions of magic
 g - 10 potions of berserk rage
 j - 2 potions of invisibility
 n - 2 potions of flight
 q - 2 potions of might
 r - 3 potions of brilliance
 V - 8 potions of heal wounds
 X - 8 potions of mutation
Miscellaneous
 i - a condenser vane
 o - a phial of floods
 F - a tin of tremorstones (2/2)


   Skills:
 O Level 27 Fighting
 - Level 16.0 Long Blades
 - Level 25.4(26.0) Polearms
 - Level 9.5(19.1) Staves
 + Level 23.1 Dodging
 + Level 23.1 Stealth
 O Level 27 Unarmed Combat
 O Level 27 Spellcasting
 - Level 17.2 Translocations
 + Level 24.5 Transmutations
 O Level 27 Fire Magic
 - Level 12.4 Invocations
 - Level 17.0 Evocations


You had 54 spell levels left.
You knew the following spells:

 Your Spells              Type           Power      Damage    Failure   Level
a - Ignition              Fire           68%        3d18      1%          8
b - Dragon Form           Tmut           66%        N/A       0%          7
c - Manifold Assault      Tloc           100%       N/A       0%          4

Your spell library contained the following spells:

 Spells                   Type           Power      Damage    Failure   Level
 Apportation              Tloc           100%       N/A       0%          1
 Scorch                   Fire           100%       2d10      0%          2
 Ignite Poison            Fire/Tmut/Pois 100%       N/A       0%          3
 Inner Flame              Hex/Fire       100%       N/A       0%          3
 Kindle Blastsparks       Fire/Tloc/Air  100%       2d18      0%          3
 Spider Form              Tmut/Pois      100%       N/A       0%          3
 Flame Wave               Conj/Fire      100%       2d21      0%          4
 Ice Form                 Ice/Tmut       100%       N/A       0%          4
 Passage of Golubria      Tloc           100%       N/A       0%          4
 Sticky Flame             Conj/Fire      100%       2d11      0%          4
 Blade Hands              Tmut           66%        N/A       0%          5
 Necrotise                Necr           100%       1d9       1%          1
 Shock                    Conj/Air       100%       1d9       1%          1
 Summon Small Mammal      Summ           100%       N/A       1%          1
 Ensorcelled Hibernation  Hex/Ice        100%       N/A       1%          2
 Poisonous Vapours        Pois/Air       100%       N/A       1%          2
 Call Canine Familiar     Summ           54%        N/A       1%          3
 Frozen Ramparts          Ice            100%       1d16      1%          3
 Mephitic Cloud           Conj/Pois/Air  54%        N/A       1%          3
 Ozocubu's Armour         Ice            54%        N/A       1%          3
 Stone Arrow              Conj/Erth      100%       3d13      1%          3
 Summon Guardian Golem    Hex/Summ       54%        N/A       1%          3
 Swiftness                Air            54%        N/A       1%          3
 Tukima's Dance           Hex            54%        N/A       1%          3
 Vampiric Draining        Necr           54%        2d9       1%          3
 Airstrike                Air            27%        2d(4-20)  1%          4
 Anguish                  Hex/Necr       27%        N/A       1%          4
 Cause Fear               Hex            27%        N/A       1%          4
 Leda's Liquefaction      Hex/Erth       27%        N/A       1%          4
 Olgreb's Toxic Radiance  Pois           54%        N/A       1%          4
 Summon Ice Beast         Ice/Summ       54%        N/A       1%          4
 Alistair's Intoxication  Tmut/Pois      68%        N/A       1%          5
 Fireball                 Conj/Fire      53%        3d21      1%          5
 Irradiate                Conj/Tmut      51%        3d28      1%          5
 Yara's Violent Unravell  Hex/Tmut       51%        3d20      1%          5
 Dispersal                Tloc           58%        N/A       1%          6
 Eringya's Noxious Bog    Tmut/Pois      51%        N/A       1%          6
 Starburst                Conj/Fire      53%        6d14      1%          6
 Disjunction              Tloc           58%        N/A       1%          8
 Malign Gateway           Summ/Tloc      46%        N/A       2%          7
 Agony                    Necr           54%        N/A       3%          5
 Borgnjor's Vile Clutch   Necr/Erth      27%        N/A       3%          5
 Freezing Cloud           Conj/Ice/Air   27%        6-21      3%          5
 Iskenderun's Battlesphe  Conj           54%        2d10      3%          5
 Metabolic Englaciation   Hex/Ice        27%        N/A       3%          5
 Conjure Ball Lightning   Conj/Air       27%        3x3d8     16%         6
 Simulacrum               Ice/Necr       27%        N/A       16%         6
 Summon Cactus Giant      Summ           27%        N/A       16%         6
 Enfeeble                 Hex            27%        N/A       63%         7
 Orb of Destruction       Conj           27%        9d9       63%         7
 Ozocubu's Refrigeration  Ice            27%        4d13      63%         7
 Summon Horrible Things   Summ           27%        N/A       99%         8
 Chain Lightning          Conj/Air       27%        3d36      100%        9
 Animate Armour           Summ/Erth      Unusable   N/A       N/A         4

Dungeon Overview and Level Annotations

Branches:
Dungeon (1/1)

Altars:
Ashenzari
Cheibriados
Dithmenos
Elyvilon
Fedhas
Gozag
Hepliaklqana
Kikubaaqudgha
Makhleb
Nemelex Xobeh
Okawaru
Qazlal
Ru
Sif Muna
Trog
Uskayaw
Vehumet
Wu Jian
Xom
Yredelemnul
Zin
The Shining One
Jiyva
Lugonu

Annotations:
D Royal Jelly, Serpent of Hell


Innate Abilities, Weirdness & Mutations

You are a fearsome iron dragon!
You have a powerful clawing attack.
Your giant scaled body is strong and resiliant, but less evasive.
You are flying.
Your maximum health is greatly increased.
Your armour is entirely melded.
You are incapable of wielding weapons or throwing items.
Your dull iron-grey scales are very hard. (AC +15)
You are amphibious.
You cannot fit into any form of body armour.
((You are cold-blooded and may be slowed by cold attacks.))
You are clumsy. (Dex -2)


Message History

The deathcap misses you.
An ancient lich comes into view.
The titan waves its arms in wide circles.
The air twists around and strikes you!
* * * LOW HITPOINT WARNING * * *
Guzigabe tramples you!
* * * LOW HITPOINT WARNING * * *
You hold your ground!
A rockslime comes into view.
A green draconian monk comes into view.
The ancient lich gestures wildly while chanting.
The ancient lich seems to speed up.
The deathcap closely misses you.
The wandering mushroom barely misses you.
The royal mummy casts a spell at you. Something smites you!
* * * LOW HITPOINT WARNING * * *
The rockslime quivers.
Unknown command.
Unknown command.
You maul the deathcap!!!!
You destroy the deathcap!
The deathcap disappears in a puff of smoke!
Guzigabe tramples you!!
* * * LOW HITPOINT WARNING * * *
You hold your ground!
The orb of fire glows deep purple.
The bolt of fire hits the curse toe.
The curse toe completely resists.
The bolt of fire hits you. You resist.
* * * LOW HITPOINT WARNING * * *
The curse toe gestures.
You maul the curse toe!!!
You tail-slap the curse toe, but do no damage.
The curse toe is heavily damaged.
Guzigabe tramples you!
* * * LOW HITPOINT WARNING * * *
You hold your ground!
An electric golem comes into view.
An iron dragon comes into view.
The orb of fire emits a lurid red light.
The bolt of fire hits the curse toe.
The curse toe completely resists.
The bolt of fire hits you! You resist.
You die...

,,,,,,,,,,,,,*,,,,###.......###..
,,,,,,,,.D.......##...........##.
,,,,,,,,.MC.....##.............##
,,,,,,,,.9.DX...#...............#
,,,,,,,,.J.JX...#...............#
,,,,,,,,.q.J.*..#.........).....#
,,,,,,,,..L.....##....)........##
,,,,,,,,....J.Jzf##...........##.
,,,,,,,,,,,,,#1fD.###...)...###..
*,,,,,,,,,,,*##&f§..###...###....
**,,,,,,,,,** ##ff.......).......
**,,,,,,,** ##...............#
********* #################
################################
........#..'...................#
.......##..')..................##
......##..####......##......#####


You could see the Serpent of Hell, a royal mummy, Guzigabe, an orb of fire, an
electric golem, 2 tentacled monstrosities, a green draconian monk, an iron
dragon, a titan, an ancient lich (fast), 2 acid blobs, a Brimstone Fiend, a
curse toe, 3 rockslimes and 5 wandering mushrooms.

Vanquished Creatures
  Antaeus (D)
  Dissolution (D)
  Ereshkigal (D)
  3 ancient liches (D)
  3 orbs of fire (D)
  Mennas (D)
  7 royal mummies (D)
  Frederick (D)
  Boris (D)
  Xtahua (D)
  A curse toe (D)
  Nikola (D)
  3 pearl dragons (D)
  2 profane servitors (D)
  Jory (D)
  6 electric golems (D)
  2 bone dragons (D)
  3 Tzitzimimeh (D)
  2 Brimstone Fiends (D)
  3 hellephants (D)
  2 Ice Fiends (D)
  A Hell Sentinel (D)
  5 pandemonium lords (D)
  Rupert (D)
  19 Orb Guardians (D)
  A tentacled monstrosity (D)
  A lich (D)
  15 titans (D)
  A quicksilver dragon (D)
  2 deep elf master archers (D)
  5 deep elf blademasters (D)
  2 acid blobs (D)
  Gastronok (D)
  4 storm dragons (D)
  A sphinx (D)
  3 nagarajas (D)
  2 draconian monks (D)
  A daeva (D)
  2 rockslimes (D)
  An azure jelly (D)
  A deep elf sorcerer (D)
  5 ghost moths (D)
  Louise (D)
  11 frost giants (D)
  A cacodemon (D)
  11 fire giants (D)
  3 draconian stormcallers (D)
  4 balrugs (D)
  2 draconian shifters (D)
  2 orc warlords (D)
  3 ghouls (D)
  A reaper (D)
  4 war gargoyles (D)
  2 spriggan defenders (D)
  Nessos (D)
  4 green draconians (D)
  2 apis (D)
  16 stone giants (D)
  3 dire elephants (D)
  4 deep elf annihilators (D)
  3 deep elf demonologists (D)
  A black draconian (D)
  2 yellow draconians (D)
  2 purple draconians (D)
  A red draconian (D)
  3 lorocyprocas (D)
  An eidolon (D)
  3 white draconians (D)
  A minotaur (D)
  2 deep elf death magi (D)
  2 merfolk javelineers (D)
  A mummy priest (D)
  4 green deaths (D)
  16 ettins (D)
  3 deep elf high priests (D)
  3 fire dragons (D)
  3 blizzard demons (D)
  A merfolk impaler (D)
  2 yaktaur captains (D)
  A rakshasa (D)
  5 ice dragons (D)
  17 vault guards (D)
  A hydra (D)
  2 spriggan air magi (D)
  2 merfolk avatars (D)
  4 anacondas (D)
  A death knight (D)
  2 dancing weapons (D)
  4 naga warriors (D)
  7 vampire magi (D)
  2 sun demons (D)
  A deep elf knight (D)
  17 hell knights (D)
  A soul eater (D)
  A fire crab (shapeshifter) (D)
  An iron troll (D)
  A shadow wraith (D)
  7 skeletal warriors (D)
  A sixfirhy (D)
  A deep troll (D)
  2 cherubim (D)
  A spriggan druid (D)
  A swamp dragon (D)
  A lindwurm (D)
  12 necromancers (D)
  A deep elf zephyrmancer (D)
  17 wizards (D)
  A phantasmal warrior (D)
  11 orc knights (D)
  18 cyclopes (D)
  An ugly thing (D)
  An orc sorcerer (D)
  A manticore (D)
  A moth of wrath (D)
  2 elephants (D)
  2 eyes of devastation (D)
  A black mamba (D)
  A naga mage (D)
  3 smoke demons (D)
  2 molten gargoyles (D)
  A rust devil (D)
  2 cane toads (D)
  A demonic crawler (D)
  An ice devil (D)
  An unseen horror (D)
  2 rime drakes (D)
  2 efreet (D)
  2 freezing wraiths (D)
  2 tormentors (D)
  5 yaktaurs (D)
  2 hellwings (D)
  2 wandering mushrooms (D)
  A wind drake (D)
  7 merfolk (D)
  A snapping turtle (D)
  8 dream sheep (D)
  A culicivora (D)
  A flying skull (D)
  2 jumping spiders (D)
  A spriggan (D)
  8 yaks (D)
  A wraith (D)
  2 vampires (D)
  11 humans (D)
  2 fire elementals (D)
  A chaos spawn (D)
  2 neqoxecs (D)
  A redback (D)
  A warg (D)
  An acid dragon (D)
  A water moccasin (D)
  A large abomination (D)
  4 floating eyes (D)
  2 orc warriors (D)
  2 ogres (D)
  4 wolves (D)
  2 phantoms (D)
  An earth elemental (D)
  A necrophage (D)
  A quasit (D)
  A jelly (D)
  An iron imp (D)
  A hell rat (D)
  A river rat (D)
  An adder zombie (D)
  2 adder simulacra (D)
  10 orcs (D)
  A bat skeleton (D)
  2 bat zombies (D)
  An endoplasm (D)
  A giant cockroach (D)
  3 goblins (D)
  A ball python (D)
  2 ball python skeletons (D)
  2 ball python zombies (D)
  A giant cockroach simulacrum (D)
  2 giant cockroach zombies (D)
  2 quokka skeletons (D)
  A quokka zombie (D)
  3 rats (D)
541 creatures vanquished.

Vanquished Creatures (others)
  A fire giant (D)
  A golden eye (D)
  A small abomination (D)
  A wolf (D)
  3 ball lightnings (D)
7 creatures vanquished.

Grand Total: 548 creatures vanquished

Notes
Turn   | Place    | Note
-------+----------+-------------------------------------------
     0 | D        | rocky1 the Draconian Monk began the quest for the Orb.
     0 | D        | Reached XP level 1. HP: 19/19 MP: 1/1
    47 | D        | Found a bloodstained altar of Trog.
    47 | D        | Found a shimmering blue altar of Sif Muna.
    47 | D        | Found a viscous altar of Jiyva.
    47 | D        | Found a hazy altar of Hepliaklqana.
    47 | D        | Found an opulent altar of Gozag.
    48 | D        | Found a glowing golden altar of the Shining One.
    48 | D        | Found a glowing silver altar of Zin.
    48 | D        | Found a basalt altar of Yredelemnul.
    48 | D        | Found a shimmering altar of Xom.
    48 | D        | Found an ornate altar of the Wu Jian Council.
    48 | D        | Found a sacrificial altar of Ru.
    48 | D        | Found a stormy altar of Qazlal.
    48 | D        | Found an iron altar of Okawaru.
    48 | D        | Found a sparkling altar of Nemelex Xobeh.
    48 | D        | Found a burning altar of Makhleb.
    48 | D        | Found a blossoming altar of Fedhas.
    48 | D        | Found a white marble altar of Elyvilon.
    48 | D        | Found a shadowy altar of Dithmenos.
    48 | D        | Found a snail-covered altar of Cheibriados.
    51 | D        | Found a corrupted altar of Lugonu.
    51 | D        | Found a radiant altar of Vehumet.
    52 | D        | Found an ancient bone altar of Kikubaaqudgha.
    52 | D        | Found a hide-covered altar of Uskayaw.
    52 | D        | Found a broken altar of Ashenzari.
    75 | D        | Became a worshipper of Cheibriados the Contemplative
    75 | D        | Reached * piety under Cheibriados
    75 | D        | Reached ** piety under Cheibriados
   106 | D        | Reached skill level 1 in Invocations
   106 | D        | Reached XP level 2. HP: 6/27 MP: 1/3
   436 | D        | Reached *** piety under Cheibriados
   448 | D        | Noticed a floating eye
   454 | D        | Killed a floating eye
   454 | D        | Reached **** piety under Cheibriados
   455 | D        | Reached skill level 5 in Fighting
   455 | D        | Reached skill level 5 in Polearms
   455 | D        | Reached XP level 3. HP: 33/36 MP: 3/6
   455 | D        | Reached XP level 4. HP: 39/42 MP: 3/7
   647 | D        | Noticed a wolf
   648 | D        | Noticed a floating eye
   650 | D        | Noticed a flying skull
   650 | D        | Noticed a water moccasin
   653 | D        | Killed a wolf
   653 | D        | Reached ***** piety under Cheibriados
   653 | D        | Killed a flying skull
   653 | D        | Killed a water moccasin
   653 | D        | Killed a floating eye
   654 | D        | Reached XP level 5. HP: 53/55 MP: 2/10
   654 | D        | Reached XP level 6. HP: 59/62 MP: 2/11
   654 | D        | Your scales start taking on a dull iron-grey colour.
   654 | D        | Reached XP level 7. HP: 66/69 MP: 2/12
   853 | D        | Reached ****** piety under Cheibriados
   962 | D        | Noticed a smoke demon
   962 | D        | Noticed an ice devil
   968 | D        | Killed a smoke demon
   969 | D        | Reached XP level 8. HP: 53/78 MP: 2/14
   971 | D        | Killed an ice devil
  1270 | D        | Noticed a hellwing
  1289 | D        | Killed a hellwing
  1290 | D        | Reached skill level 10 in Fighting
  1476 | D        | Noticed a cane toad
  1489 | D        | Killed a cane toad
  1722 | D        | Noticed an orc sorcerer
  1722 | D        | Noticed a smoke demon
  1722 | D        | Noticed Gastronok
  1722 | D        | Noticed a deep elf zephyrmancer
  1736 | D        | Killed a shadow wraith
  1737 | D        | Reached skill level 10 in Polearms
  1737 | D        | Reached skill level 10 in Invocations
  1737 | D        | Reached XP level 9. HP: 72/89 MP: 3/16
  1829 | D        | Killed an orc sorcerer
  1830 | D        | Reached skill level 10 in Stealth
  1830 | D        | Reached skill level 1 in Spellcasting
  1834 | D        | Killed a deep elf zephyrmancer
  1847 | D        | Killed Gastronok
  1848 | D        | Reached skill level 10 in Dodging
  1848 | D        | Reached XP level 10. HP: 41/97 MP: 18/18
  2076 | D        | Noticed a manticore
  2080 | D        | Killed a manticore
  2104 | D        | Reached skill level 5 in Spellcasting
  2111 | D        | Upgraded the game from 0.30-a0-165-g1891117ce2 to
                  | 0.30-a0-168-g0b976cbdc4
  2113 | D        | Noticed an eye of devastation
  2122 | D        | Killed an eye of devastation
  2130 | D        | Noticed a cane toad
  2148 | D        | Killed a cane toad
  2192 | D        | Noticed a lindwurm
  2203 | D        | Killed a lindwurm
  2453 | D        | Reached XP level 11. HP: 98/107 MP: 14/20
  2658 | D        | Noticed a vampire mage
  2658 | D        | Noticed a phantasmal warrior
  2667 | D        | Killed a phantasmal warrior
  2677 | D        | Killed a vampire mage
  2678 | D        | Reached skill level 1 in Long Blades
  2895 | D        | Noticed a sixfirhy
  2903 | D        | Killed a sixfirhy
  2968 | D        | Noticed a skeletal warrior
  2968 | D        | Noticed a skeletal warrior
  2971 | D        | Noticed a skeletal warrior
  2988 | D        | Killed a skeletal warrior
  3159 | D        | Noticed a skeletal warrior
  3176 | D        | Killed a skeletal warrior
  3466 | D        | Killed a skeletal warrior
  3890 | D        | Killed a skeletal warrior
  4078 | D        | Noticed an anaconda
  4092 | D        | Killed an anaconda
  4093 | D        | Reached skill level 5 in Long Blades
  4304 | D        | Reached skill level 15 in Fighting
  4312 | D        | Reached XP level 12. HP: 102/119 MP: 23/25
  4402 | D        | Killed a ghost moth
  4820 | D        | Learned a level 8 spell: Ignition
  5145 | D        | Noticed a dire elephant
  5145 | D        | Noticed a spriggan defender
  5145 | D        | Noticed a ghoul
  5145 | D        | Noticed a ghoul
  5145 | D        | Noticed a ghoul
  5145 | D        | Noticed a war gargoyle
  5150 | D        | Killed a spriggan defender
  5150 | D        | Killed a war gargoyle
  5151 | D        | Reached skill level 10 in Spellcasting
  5153 | D        | Killed a dire elephant
  5159 | D        | Killed a ghoul
  5169 | D        | Killed a ghoul
  5173 | D        | Killed a ghoul
  5174 | D        | Reached skill level 15 in Polearms
  5569 | D        | Noticed an ice dragon
  5569 | D        | Noticed an anaconda
  5580 | D        | Noticed a deep elf high priest
  5581 | D        | Reached skill level 1 in Staves
  5582 | D        | Reached skill level 5 in Fire Magic
  5582 | D        | Killed an ice dragon
  5589 | D        | Killed a deep elf high priest
  5607 | D        | Killed an anaconda
  5628 | D        | Reached XP level 13. HP: 37/130 MP: 16/28
  5930 | D        | Noticed a merfolk javelineer
  5932 | D        | Identified the ring "Xucaibaps" {*Corrode Str+6 Dex+5}
  5938 | D        | Killed a merfolk javelineer
  5970 | D        | Reached skill level 5 in Staves
  6227 | D        | Noticed a deep elf death mage
  6233 | D        | Killed a deep elf death mage
  6610 | D        | Noticed an orc warlord
  6611 | D        | Noticed an orc warlord
  6616 | D        | Noticed a minotaur
  6623 | D        | Killed a minotaur
  6635 | D        | Killed an orc warlord
  6636 | D        | Reached skill level 15 in Dodging
  6661 | D        | Killed an orc warlord
  7533 | D        | Noticed a deep elf blademaster
  7540 | D        | Killed a deep elf blademaster
  7563 | D        | Reached skill level 10 in Fire Magic
  7984 | D        | Found the +2 Maxwell's thermic engine {flame, freeze}
  7984 | D        | Found the +6 Majin-Bo {vamp, MP+6 Int+6}
  8219 | D        | Reached XP level 14. HP: 122/144 MP: 31/31
  8454 | D        | Noticed a white draconian stormcaller
  8474 | D        | Killed a white draconian stormcaller
  8475 | D        | Reached skill level 1 in Evocations
  8699 | D        | Noticed a white draconian stormcaller
  8718 | D        | Noticed a Hell Sentinel
  8838 | D        | Got the Atlas of Wanderlust and Heat
  8852 | D        | Noticed a nagaraja
  8874 | D        | Killed a nagaraja
  8917 | D        | Noticed a nagaraja
  8921 | D        | Reached skill level 5 in Evocations
  8931 | D        | Killed a nagaraja
  9132 | D        | Got Asmodeus's Quarto of Arcane Weapons and Allies
  9134 | D        | Got the Teachings on Enchantment
  9155 | D        | Killed a white draconian stormcaller
  9162 | D        | Reached skill level 15 in Spellcasting
  9305 | D        | Noticed an ancient lich
  9580 | D        | Learned a level 7 spell: Dragon Form
  9610 | D        | Reached skill level 1 in Transmutations
  9696 | D        | Killed an ancient lich
 10075 | D        | Got the ring "Vowkef" {Ice rCorr Str-2 SInv}
 10077 | D        | Got the ring "Pedwika" {rElec rN+ Str+4 Int+4 Dex+4}
 10079 | D        | Got the ring of Ivayggiz {rPois rC+ rN+ Will+}
 10081 | D        | Got the ring of Youthful Indiscretion {Fly Will+ rCorr
                  | Int+4 Dex+4}
 10083 | D        | Got the ring "Koteemec" {Ice Str+2}
 10085 | D        | Got the ring "Oreoto" {Ice Stlth+}
 10087 | D        | Got the ring of Voh Maec {rPois rCorr EV+6 Dex+4 Stlth+}
 10089 | D        | Got the ring "Emoysu" {rElec rN+ Will+ Dex+3}
 10091 | D        | Got the ring "Jelinaen" {rCorr SInv}
 10093 | D        | Got the ring "Jeciquf" {Wiz rC+ Int+7 Stlth-}
 10095 | D        | Got the ring "Wywug" {Drain rElec rF+ rCorr Dex+6}
 10097 | D        | Got the ring "Wom Raiv" {Wiz SInv}
 10099 | D        | Got the ring of Facuq {Wiz rC+ Str-2 Int+9}
 10243 | D        | Got the amulet "Rastete" {Faith *Corrode rF++ Regen+ SInv}
 10245 | D        | Got the amulet of Veuh Leh {RegenMP rPois}
 10295 | D        | Got the ring "Cuoplaah" {Str+6 Dex+2}
 10297 | D        | Got the ring "Hiefur" {rN+ Slay+5}
 10299 | D        | Got the ring "Belik" {rC+ Str+8 Int-3}
 10301 | D        | Got the ring of Hotuock {Contam rElec Will+++ SInv Stlth-}
 10303 | D        | Got the amulet of Majuot {RegenMP rElec Str+4 Dex-4}
 10305 | D        | Got the amulet of Litwin {RegenMP Dex+2}
 10307 | D        | Got the ring of Keonwu Efar {rPois rC+ Str+2}
 10309 | D        | Got the amulet "Ullesuij" {Faith Harm}
 10311 | D        | Got the ring "Wilousm" {Will+ MP+9 Str+4}
 10313 | D        | Got the amulet of Oxkit {Reflect rN+ Will+ Dex+3 SH+5}
 10318 | D        | Got the amulet of Umpic {Spirit Dex+2}
 10685 | D        | Reached skill level 10 in Evocations
 10719 | D        | Reached skill level 5 in Transmutations
 10725 | D        | Noticed a storm dragon
 10730 | D        | Noticed a deep elf blademaster
 10731 | D        | Noticed a balrug
 10733 | D        | Killed a deep elf blademaster
 10734 | D        | Reached skill level 5 in Unarmed Combat
 10734 | D        | Killed a balrug
 10735 | D        | Reached skill level 10 in Long Blades
 10735 | D        | Noticed Nessos
 10742 | D        | Reached XP level 15. HP: 138/151 MP: 18/35
 10845 | D        | Reached skill level 15 in Fire Magic
 10880 | D        | Killed Nessos
 10885 | D        | Noticed a curse toe
 10892 | D        | Noticed a nagaraja
 10893 | D        | Killed a storm dragon
 10898 | D        | Killed a nagaraja
 10900 | D        | Noticed a storm dragon
 10905 | D        | Killed a curse toe
 10922 | D        | Killed a storm dragon
 11076 | D        | Identified the ring of Cudumy {Fly rN+ Will+ Int-3}
 11185 | D        | Noticed a profane servitor
 11195 | D        | Killed a profane servitor
 11203 | D        | Reached skill level 10 in Unarmed Combat
 11203 | D        | Reached skill level 10 in Transmutations
 11442 | D        | Got the Papyrus of Curses
 11570 | D        | Found the +7 Singing Sword {vorpal, sonic wave}
 11570 | D        | Found the +8 whip "Snakebite" {venom, curare, rPois}
 11700 | D        | Found the +8 Vampire's Tooth {vamp}
 11700 | D        | Noticed Rupert
 11701 | D        | Killed Rupert
 11702 | D        | Reached XP level 16. HP: 162/162 MP: 28/38
 11714 | D        | Reached skill level 15 in Evocations
 11725 | D        | Reached skill level 15 in Long Blades
 11859 | D        | Got Sif Muna's Spellbook of the Vapourous Summer
 11880 | D        | Got the ring "Wylasot" {rC+ rN+ Dex+2}
 11899 | D        | Got a silver rune of Zot
 11915 | D        | Got the +1 pair of boots of Jew Norghe {Regen+ Int+3 Dex+2
                  | Slay+3}
 11955 | D        | Learned a level 4 spell: Manifold Assault
 12084 | D        | Noticed an orb of fire
 12087 | D        | Killed an orb of fire
 12098 | D        | Noticed a hellephant
 12109 | D        | Killed a hellephant
 12122 | D        | Noticed a titan
 12129 | D        | Killed a titan
 12253 | D        | Noticed a deep elf master archer
 12256 | D        | Killed a deep elf master archer
 12295 | D        | Noticed a pearl dragon
 12295 | D        | Noticed an orb of fire
 12295 | D        | Noticed a Brimstone Fiend
 12301 | D        | Killed a pearl dragon
 12305 | D        | Killed an orb of fire
 12306 | D        | Reached skill level 5 in Translocations
 12307 | D        | Killed a Brimstone Fiend
 12435 | D        | Noticed an electric golem
 12440 | D        | Killed an electric golem
 12447 | D        | Noticed a royal mummy
 12452 | D        | Killed a royal mummy
 12454 | D        | Noticed a bone dragon
 12462 | D        | Killed a bone dragon
 12533 | D        | Noticed an ancient lich
 12545 | D        | Killed an ancient lich
 12658 | D        | Reached skill level 15 in Unarmed Combat
 12694 | D        | Noticed a titan
 12694 | D        | Noticed a titan
 12694 | D        | Noticed a titan
 12695 | D        | Killed a titan
 12695 | D        | Killed a titan
 12696 | D        | Reached skill level 10 in Translocations
 12696 | D        | Reached skill level 15 in Transmutations
 12696 | D        | Reached XP level 17. HP: 178/178 MP: 32/41
 12698 | D        | Noticed a titan
 12699 | D        | Killed a titan
 12702 | D        | Killed a titan
 12703 | D        | Noticed a titan
 12713 | D        | Killed a titan
 12714 | D        | Identified the +5 battleaxe "Qiozesiu" {vorpal, rN++}
 12714 | D        | Noticed a titan
 12719 | D        | Killed a titan
 12723 | D        | Noticed a titan
 12723 | D        | Noticed a titan
 12723 | D        | Noticed a titan
 12739 | D        | Killed a titan
 12744 | D        | Killed a titan
 12746 | D        | Killed a titan
 12897 | D        | Reached XP level 18. HP: 136/192 MP: 44/44
 13070 | D        | Got the ring "Xudagang" {rCorr Str-4 Int+2 Stlth+}
 13096 | D        | Got a golden rune of Zot
 13329 | D        | Reached skill level 15 in Translocations
 13353 | D        | Noticed Xtahua
 13363 | D        | Noticed a hellephant
 13364 | D        | Killed Xtahua
 13375 | D        | Killed a hellephant
 13380 | D        | Noticed a tentacled monstrosity
 13383 | D        | Killed a tentacled monstrosity
 13599 | D        | Noticed Frederick
 13600 | D        | Noticed Jory
 13601 | D        | Noticed a royal mummy
 13602 | D        | Noticed an Ice Fiend
 13602 | D        | Noticed a Tzitzimitl
 13603 | D        | Killed Frederick
 13604 | D        | Killed a Tzitzimitl
 13604 | D        | Killed Jory
 13605 | D        | Killed an Ice Fiend
 13609 | D        | Killed a royal mummy
 13610 | D        | Noticed a bone dragon
 13620 | D        | Killed a bone dragon
 13826 | D        | Got the ring of Ihouvutt {*Slow rElec Str+6 SInv}
 13828 | D        | Got the ring "Syucasch" {rF+ rCorr}
 13830 | D        | Got the ring "Guvisukiatt" {rPois rF- rCorr Slay+4 SInv}
 13832 | D        | Got the ring "Kyefe" {Wiz rC+}
 13834 | D        | Got the amulet "Rusic" {Acrobat *Slow rF+ Str+10 Int-2}
 13836 | D        | Got the amulet of Koum Wit {Faith rF+++ Str-3 Int+5}
 13838 | D        | Got the amulet "Raotumec" {RegenMP Contam rF+ rN+ Stlth+}
 13840 | D        | Got the ring of Neuhubo {rElec rC+ Str+3 Int+2}
 13864 | D        | Got the +5 bardiche of Wounding {vorpal, rElec rF+++ rCorr
                  | Dex-3}
 13885 | D        | Found the +1 Delatra's gloves {ID++}
 14080 | D        | Noticed an electric golem
 14088 | D        | Killed an electric golem
 14191 | D        | Noticed an electric golem
 14193 | D        | Killed an electric golem
 14213 | D        | Noticed a lich
 14219 | D        | Killed a lich
 14220 | D        | Reached skill level 27 in Fighting
 14240 | D        | Noticed an electric golem
 14241 | D        | Killed an electric golem
 14244 | D        | Noticed a royal mummy
 14251 | D        | Killed a royal mummy
 14402 | D        | Noticed a royal mummy
 14418 | D        | Killed a royal mummy
 14558 | D        | Noticed Boris
 14570 | D        | Killed Boris
 14704 | D        | Noticed a royal mummy
 14714 | D        | Killed a royal mummy
 14919 | D        | Reached XP level 19. HP: 207/207 MP: 47/47
 14937 | D        | Reached skill level 15 in Stealth
 15061 | D        | Noticed an electric golem
 15067 | D        | Killed an electric golem
 15071 | D        | Noticed Dissolution
 15075 | D        | Killed Dissolution
 15083 | D        | Noticed a profane servitor
 15085 | D        | Killed a profane servitor
 15087 | D        | Noticed a Tzitzimitl
 15090 | D        | Killed a Tzitzimitl
 15091 | D        | Noticed Ereshkigal
 15099 | D        | Killed Ereshkigal
 15208 | D        | Noticed a Tzitzimitl
 15212 | D        | Killed a Tzitzimitl
 15217 | D        | Noticed an electric golem
 15218 | D        | Noticed Geun the pandemonium lord
 15220 | D        | Killed an electric golem
 15224 | D        | Killed Geun the pandemonium lord
 15289 | D        | Noticed Antaeus
 15293 | D        | Noticed a royal mummy
 15298 | D        | Killed a royal mummy
 15398 | D        | Noticed Hunkyxt the pandemonium lord
 15402 | D        | Killed Hunkyxt the pandemonium lord
 15505 | D        | Noticed Xuemay the pandemonium lord
 15517 | D        | Killed Antaeus
 15527 | D        | Killed Xuemay the pandemonium lord
 15596 | D        | Noticed an ancient lich
 15596 | D        | Noticed a royal mummy
 15597 | D        | Noticed a Brimstone Fiend
 15598 | D        | Killed an ancient lich
 15599 | D        | Reached skill level 27 in Fire Magic
 15601 | D        | Killed a Brimstone Fiend
 15603 | D        | Killed a royal mummy
 15617 | D        | Got the ring of Miytzone {rC+ Str+4 Dex+4 SInv}
 15619 | D        | Got the amulet of Joxuzem {Faith Harm rElec}
 15621 | D        | Got the ring "Uderr" {Fire rCorr Int-2 Dex-5 SInv}
 15624 | D        | Got the ring of Meinkud {rPois rF+ rC- Will++}
 15626 | D        | Got the ring "Fevuen" {Wiz Int+4 Dex+6}
 15628 | D        | Got the ring "Jystub" {Ice Will+ rCorr Str+3}
 15631 | D        | Got the ring of Cupsa {Fire Drain rPois Dex+3}
 15633 | D        | Got the ring "Uduemn" {Fire rN++}
 15639 | D        | Got an iron rune of Zot
 15933 | D        | Got the ring "Pumal" {rN+ Str+2 Stlth+}
 15957 | D        | Got the +9 demon blade of Day {vamp, rN+ Str+5 Dex+3}
 16058 | D        | Noticed a hellephant
 16077 | D        | Killed a hellephant
 16133 | D        | Reached skill level 27 in Spellcasting
 16139 | D        | Noticed Mennas
 16165 | D        | Killed Mennas
 16166 | D        | Reached XP level 20. HP: 186/216 MP: 13/51
 16324 | D        | Noticed Hemilogh the pandemonium lord
 16324 | D        | Noticed a pearl dragon
 16327 | D        | Noticed Louise
 16331 | D        | Noticed an orb of fire
 16331 | D        | Killed Hemilogh the pandemonium lord
 16333 | D        | Killed a pearl dragon
 16334 | D        | Noticed Nikola
 16334 | D        | Killed Louise
 16336 | D        | Killed an orb of fire
 16344 | D        | Killed Nikola
 16349 | D        | Reached skill level 27 in Unarmed Combat
 16358 | D        | Noticed Rywusaank the pandemonium lord
 16373 | D        | Killed Rywusaank the pandemonium lord
 16649 | D        | Noticed a pearl dragon
 16652 | D        | Noticed a curse toe
 16652 | D        | Noticed the Royal Jelly
 16660 | D        | Killed a pearl dragon
 16660 | D        | Noticed Guzigabe the pandemonium lord
 16664 | D        | Noticed an orb of fire
 16668 | D        | Noticed the Serpent of Hell
 16668 | D        | Gained mutation: You are clumsy. (Dex -2) [an orb of fire]
 16668 | D        | Noticed a royal mummy
 16668 | D        | Noticed an ancient lich
 16670 | D        | HP: 8/324 [Guzigabe the pandemonium lord (10)]
 16670 | D        | Killed from afar by an orb of fire

Illustrated notes

Levels and vault maps discovered:
D:        pitsprint [storerooms_1, entrance_room_1, metal_vault_3, armoury_2,
          mini_pit_1, grid_room_1, main_hall_1, silver_pit, the_coven_3,
          the_vestibule_1, steel_vault_1, golden_pit, hallway_of_sentries,
          crystal_vault_4, iron_vault_5, final_vault]

Skill      XL: |  1  2  3  4  5  6  7  8  9 10 11 12 13 14 15 16 17 18 19 20 |
---------------+-------------------------------------------------------------+-----
Stealth        | 2 4 7 8 9 10 12 13 14 20 23 | 23.1
Dodging        | 3 4 6 7 9 10 11 12 14 16 20 23 | 23.1
Fighting       | 4 5 8 9 11 12 13 15 16 18 20 22 24 27 | 27.0
Invocations    | 1 4 7 8 10 11 12 | 12.4
Polearms       | 5 7 8 10 11 12 13 15 16 20 24 25 | 25.4
Spellcasting   | 3 6 9 11 13 16 18 20 22 24 27 | 27.0
Long Blades    | 5 6 10 14 16 | 16.0
Fire Magic     | 6 10 14 17 20 22 25 27 | 27.0
Staves         | 3 9 |  9.5
Evocations     | 10 14 17 | 17.0
Transmutations | 6 12 15 18 20 21 24 | 24.5
Unarmed Combat | 6 12 16 19 22 25 27 | 27.0
Translocations | 10 14 17 | 17.2

Action                   |  1- 3 |  4- 6 |  7- 9 | 10-12 | 13-15 | 16-18 | 19-21 || total
-------------------------+-------+-------+-------+-------+-------+-------+-------++-------
Melee: Trident           |    24 |     1 |    12 |       |       |       |       ||    37
       Spear             |     2 |       |       |       |       |       |       ||     2
       Tailslap          |     1 |       |    11 |    45 |    99 |    52 |    25 ||   233
       Scimitar          |       |       |    15 |    19 |    29 |       |       ||    63
       Halberd           |       |       |    33 |   222 |   490 |    28 |       ||   773
       Punch             |       |       |     1 |       |     4 |    18 |    22 ||    45
       Lajatang          |       |       |       |       |    14 |       |       ||    14
       Double sword      |       |       |       |       |    21 |    56 |       ||    77
       Unarmed           |       |       |       |       |    14 |   108 |   128 ||   250
       Bite              |       |       |       |       |     1 |    11 |    15 ||    27
       Bardiche          |       |       |       |       |       |    89 |    30 ||   119
Throw: Javelin           |       |       |       |       |    10 |     2 |       ||    12
 Cast: Ignition          |       |       |       |       |     8 |    27 |    15 ||    50
       Dragon Form       |       |       |       |       |     1 |     7 |    12 ||    20
       Manifold Assault  |       |       |       |       |       |     6 |       ||     6
Invok: Slouch            |       |     1 |     4 |    23 |    31 |     5 |       ||    64
       Bend Time         |       |       |     1 |       |       |       |       ||     1
  Use: Potion            |       |       |     1 |     7 |    13 |     6 |     6 ||    33
       Scroll            |       |       |       |     1 |    10 |     7 |     1 ||    19
 Stab: Sleeping          |     1 |       |     3 |     6 |     2 |    21 |     8 ||    41
       Distracted        |     1 |       |       |     4 |     8 |     1 |     1 ||    15
       Invisible         |       |       |       |     9 |       |       |       ||     9
Armor: Skin              |       |       |    14 |    43 |   102 |    86 |    52 ||   297
Dodge: Dodged            |     8 |     3 |    41 |   232 |   465 |   261 |   117 ||  1127

Table legend: (Time is in decaauts) A = Elapsed time spent in this place. B = Non-inter-level travel time spent in this place. C = Inter-level travel time spent in this place. D = Time resting spent in this place. E = Time spent auto-exploring this place. F = Levels seen in this place. G = Mean time per level. A B C D E F G +--------+--------+--------+--------+--------+-----+--------+ Total | 20375 | 19863 | 512 | 10371 | 0 | 1 | 20375.0 | Dungeon | 20375 | 19863 | 512 | 10371 | 0 | 1 | 20375.0 | +--------+--------+--------+--------+--------+-----+--------+

Top non-repeatable levels by time:
       D: 20375 daAuts
